[ AOE2 MATCH · #506696502 ]
UnrankedRomans vs Spanish
Player's team · WIN
Rival team · LOSS
[ REPLAY ANALYSIS · EXTRACTED FROM THE RECORDED GAME ]
Feudal
—
Castle
—
Imperial
—
| APM avg | 25.3 |
| APM peak | 45 |
| eAPM avg | 11.9 |
| Villagers / military | 58 / 53 |
Focus
⚔️ 28.3% · 🌾 71.7%
Militia ×37 · Scorpion ×12 · Battering Ram ×3 · Mangonel ×1
Feudal
—
Castle
—
Imperial
—
| APM avg | 33.6 |
| APM peak | 64 |
| eAPM avg | 19.5 |
| Villagers / military | 62 / 0 |
Focus
⚔️ 24.5% · 🌾 75.5%
Match map
Initial resources + every placement click. Lines = walls · curves = elevation contours. ◆ gold · ⬟ stone · ● berries · ✦ relic · ◌ wall gap
Your base· ✓ Closed at 19:25 · 62t walls · 1 gate(s)
IkerJura23783's base· Open — unwalled flank
Smoothed initial terrain · ◌ = detected wall gap · hover for details
Inputs per minute
— shwajackson - - IkerJura23783
Build order — shwajackson
First 150 of 184 actions detected
| 0:01 | Queue | Villager (Male) |
| 0:01 | Queue | Villager (Male) |
| 0:02 | Queue | Villager (Male) |
| 0:02 | Queue | Villager (Male) |
| 0:03 | Build | House |
| 0:08 | Build | House |
| 1:33 | Queue | Villager (Male) |
| 1:52 | Build | Lumber Camp |
| 2:06 | Queue | Villager (Male) |
| 2:20 | Queue | Villager (Male) |
| 3:01 | Queue | Villager (Male) |
| 3:01 | Queue | Villager (Male) |
| 3:35 | Build | House |
| 3:51 | Queue | Villager (Male) |
| 3:51 | Queue | Villager (Male) |
| 4:22 | Build | Mill |
| 4:39 | Queue | Villager (Male) |
| 5:17 | Queue | Villager (Male) |
| 5:17 | Queue | Villager (Male) |
| 5:19 | Queue | Villager (Male) |
| 5:47 | Research | Loom |
| 6:44 | Research | Feudal Age |
| 7:23 | Build | Barracks |
| 8:10 | Queue | Villager (Male) |
| 8:10 | Queue | Villager (Male) |
| 8:28 | Queue | Militia |
| 8:28 | Queue | Militia |
| 8:32 | Build | House |
| 8:56 | Build | House |
| 9:08 | Queue | Militia |
| 9:19 | Build | Blacksmith |
| 9:30 | Build | Mining Camp |
| 9:38 | Build | House |
| 9:57 | Queue | Villager (Male) |
| 10:16 | Queue | Villager (Male) |
| 10:28 | Research | Man-at-Arms (upgrade) |
| 10:30 | Queue | Villager (Male) |
| 10:33 | Research | Scale Mail Armor |
| 10:37 | Build | House |
| 11:01 | Queue | Villager (Male) |
| 11:01 | Queue | Villager (Male) |
| 11:20 | Build | House |
| 11:21 | Build | House |
| 11:22 | Queue | Villager (Male) |
| 11:26 | Build | Farm |
| 11:26 | Build | Farm |
| 11:44 | Build | Farm |
| 11:56 | Build | Farm |
| 11:56 | Build | Farm |
| 11:57 | Build | Farm |
| 11:57 | Build | Farm |
| 12:00 | Build | Farm |
| 12:17 | Build | Farm |
| 12:28 | Build | Palisade Wall |
| 12:29 | Queue | Villager (Male) |
| 12:29 | Queue | Villager (Male) |
| 12:33 | Build | Farm |
| 13:00 | Build | Farm |
| 13:04 | Build | Farm |
| 13:16 | Queue | Militia |
| 13:16 | Queue | Militia |
| 13:19 | Queue | Villager (Male) |
| 13:23 | Build | Farm |
| 13:31 | Build | House |
| 13:37 | Build | Palisade Wall |
| 13:40 | Build | Palisade Wall |
| 13:41 | Queue | Villager (Male) |
| 14:10 | Build | Farm |
| 14:12 | Queue | Villager (Male) |
| 14:12 | Queue | Villager (Male) |
| 14:17 | Build | Palisade Gate |
| 14:29 | Build | Palisade Wall |
| 14:59 | Queue | Villager (Male) |
| 15:08 | Build | Farm |
| 15:09 | Build | Farm |
| 15:21 | Queue | Militia |
| 15:21 | Queue | Militia |
| 15:27 | Research | Forging |
| 15:29 | Queue | Villager (Male) |
| 15:30 | Queue | Villager (Male) |
| 15:51 | Queue | Militia |
| 15:56 | Build | Farm |
| 16:03 | Build | Farm |
| 16:26 | Build | Palisade Wall |
| 16:29 | Build | Palisade Wall |
| 16:34 | Build | Farm |
| 16:36 | Queue | Villager (Male) |
| 16:37 | Queue | Villager (Male) |
| 16:52 | Queue | Villager (Male) |
| 17:02 | Build | Farm |
| 17:05 | Queue | Villager (Male) |
| 17:20 | Queue | Villager (Male) |
| 17:30 | Build | House |
| 17:32 | Build | House |
| 17:35 | Build | Farm |
| 17:40 | Queue | Militia |
| 17:40 | Queue | Militia |
| 17:59 | Build | Farm |
| 18:44 | Queue | Villager (Male) |
| 18:45 | Queue | Villager (Male) |
| 18:58 | Build | Market |
| 19:25 | Research | Castle Age |
| 19:42 | Queue | Militia |
| 19:42 | Queue | Militia |
| 20:00 | Queue | Villager (Male) |
| 20:00 | Queue | Villager (Male) |
| 20:15 | Build | Farm |
| 20:32 | Build | Farm |
| 20:34 | Build | Farm |
| 20:45 | Build | Farm |
| 21:28 | Build | Farm |
| 21:29 | Build | Farm |
| 21:44 | Queue | Villager (Male) |
| 21:48 | Queue | Militia |
| 21:48 | Queue | Militia |
| 21:48 | Queue | Militia |
| 22:23 | Research | Long Swordsman (upgrade) |
| 22:30 | Build | Lumber Camp |
| 22:47 | Build | Siege Workshop |
| 22:51 | Queue | Villager (Male) |
| 22:51 | Queue | Villager (Male) |
| 23:06 | Build | Lumber Camp |
| 23:14 | Build | House |
| 23:20 | Queue | Militia |
| 23:25 | Queue | Scorpion |
| 23:25 | Queue | Scorpion |
| 23:34 | Research | Squires |
| 23:38 | Queue | Villager (Male) |
| 23:40 | Build | House |
| 23:43 | Queue | Scorpion |
| 23:50 | Queue | Villager (Male) |
| 23:54 | Research | Chain Mail Armor |
| 24:11 | Build | Barracks |
| 24:14 | Queue | Villager (Male) |
| 24:19 | Queue | Villager (Male) |
| 24:24 | Queue | Militia |
| 24:24 | Queue | Militia |
| 24:25 | Queue | Militia |
| 24:50 | Queue | Villager (Male) |
| 24:52 | Queue | Militia |
| 25:03 | Build | House |
| 25:05 | Build | House |
| 25:07 | Queue | Militia |
| 25:07 | Queue | Militia |
| 25:08 | Queue | Militia |
| 25:08 | Queue | Militia |
| 25:12 | Queue | Scorpion |
| 25:12 | Queue | Scorpion |
| 25:24 | Queue | Battering Ram |
| 25:30 | Queue | Scorpion |
Build order — IkerJura23783
149 actions detected in the replay
| 0:01 | Queue | Villager (Male) |
| 0:01 | Queue | Villager (Male) |
| 0:01 | Queue | Villager (Male) |
| 0:01 | Queue | Villager (Male) |
| 0:02 | Queue | Villager (Male) |
| 0:03 | Build | House |
| 0:06 | Build | House |
| 0:16 | Build | House |
| 1:30 | Queue | Villager (Male) |
| 2:06 | Queue | Villager (Male) |
| 2:07 | Queue | Villager (Male) |
| 2:07 | Queue | Villager (Male) |
| 2:07 | Queue | Villager (Male) |
| 2:52 | Queue | Villager (Male) |
| 2:53 | Queue | Villager (Male) |
| 2:55 | Queue | Villager (Male) |
| 3:09 | Build | Lumber Camp |
| 3:56 | Queue | Villager (Male) |
| 4:09 | Queue | Villager (Male) |
| 4:51 | Queue | Villager (Male) |
| 5:10 | Queue | Villager (Male) |
| 5:23 | Build | Mill |
| 5:26 | Queue | Villager (Male) |
| 5:26 | Queue | Villager (Male) |
| 6:14 | Build | Palisade Wall |
| 6:17 | Build | Palisade Wall |
| 6:17 | Build | Palisade Wall |
| 6:21 | Build | Palisade Wall |
| 6:23 | Build | House |
| 6:24 | Build | House |
| 6:27 | Queue | Villager (Male) |
| 6:53 | Build | Palisade Wall |
| 7:02 | Research | Loom |
| 7:31 | Research | Feudal Age |
| 7:57 | Build | House |
| 8:25 | Build | Barracks |
| 8:33 | Build | Palisade Wall |
| 8:34 | Build | Palisade Wall |
| 8:34 | Build | Palisade Wall |
| 9:21 | Build | Farm |
| 9:24 | Build | Farm |
| 9:29 | Build | Farm |
| 9:34 | Queue | Villager (Male) |
| 9:34 | Queue | Villager (Male) |
| 9:42 | Research | Double-Bit Axe |
| 9:52 | Queue | Villager (Male) |
| 9:52 | Queue | Villager (Male) |
| 10:14 | Build | Mining Camp |
| 11:01 | Build | House |
| 11:02 | Build | House |
| 11:14 | Build | Palisade Wall |
| 11:16 | Build | House |
| 11:18 | Build | Palisade Wall |
| 11:33 | Build | Farm |
| 11:34 | Build | Farm |
| 11:34 | Build | Farm |
| 11:34 | Build | Farm |
| 11:46 | Build | Palisade Wall |
| 12:06 | Build | Farm |
| 12:06 | Build | Farm |
| 12:37 | Queue | Villager (Male) |
| 12:38 | Queue | Villager (Male) |
| 12:53 | Build | Farm |
| 12:54 | Build | Farm |
| 13:24 | Research | Stone Mining |
| 13:39 | Build | Mining Camp |
| 13:59 | Queue | Villager (Male) |
| 13:59 | Queue | Villager (Male) |
| 13:59 | Queue | Villager (Male) |
| 13:59 | Queue | Villager (Male) |
| 13:59 | Queue | Villager (Male) |
| 13:59 | Queue | Villager (Male) |
| 14:07 | Queue | Villager (Male) |
| 14:07 | Queue | Villager (Male) |
| 15:04 | Queue | Villager (Male) |
| 15:05 | Queue | Villager (Male) |
| 15:05 | Queue | Villager (Male) |
| 15:47 | Queue | Villager (Male) |
| 15:47 | Queue | Villager (Male) |
| 15:47 | Queue | Villager (Male) |
| 15:51 | Build | Mining Camp |
| 16:19 | Queue | Villager (Male) |
| 16:19 | Queue | Villager (Male) |
| 16:27 | Build | Farm |
| 16:28 | Build | Farm |
| 17:19 | Build | Blacksmith |
| 17:26 | Research | Horse Collar |
| 17:33 | Build | Lumber Camp |
| 17:43 | Build | Palisade Wall |
| 17:59 | Build | Farm |
| 18:01 | Build | Farm |
| 18:01 | Build | Farm |
| 18:04 | Build | Farm |
| 18:20 | Queue | Villager (Male) |
| 18:56 | Build | Palisade Wall |
| 19:37 | Build | Watch Tower |
| 19:39 | Build | Palisade Wall |
| 19:40 | Build | Palisade Wall |
| 19:40 | Build | Palisade Wall |
| 19:42 | Build | Palisade Wall |
| 19:46 | Queue | Villager (Male) |
| 19:46 | Queue | Villager (Male) |
| 19:58 | Build | Farm |
| 20:00 | Build | Farm |
| 20:00 | Build | Farm |
| 20:02 | Build | Farm |
| 20:05 | Queue | Villager (Male) |
| 20:13 | Build | Palisade Wall |
| 20:19 | Research | Padded Archer Armor |
| 20:34 | Build | Palisade Wall |
| 20:47 | Build | Mining Camp |
| 21:42 | Build | House |
| 22:02 | Queue | Villager (Male) |
| 22:02 | Queue | Villager (Male) |
| 22:02 | Queue | Villager (Male) |
| 22:23 | Queue | Villager (Male) |
| 22:23 | Queue | Villager (Male) |
| 22:27 | Build | Farm |
| 22:34 | Build | Farm |
| 22:35 | Build | Farm |
| 22:43 | Research | Fletching |
| 24:14 | Build | Stable |
| 24:34 | Queue | Villager (Male) |
| 24:39 | Research | Castle Age |
| 24:39 | Research | Castle Age |
| 24:39 | Research | Castle Age |
| 24:39 | Research | Castle Age |
| 24:39 | Research | Castle Age |
| 24:39 | Research | Castle Age |
| 25:04 | Build | Lumber Camp |
| 25:18 | Build | Farm |
| 25:42 | Build | Palisade Wall |
| 25:43 | Build | Palisade Wall |
| 25:44 | Build | Palisade Wall |
| 25:52 | Build | Palisade Wall |
| 26:22 | Build | Palisade Wall |
| 26:33 | Build | House |
| 26:35 | Build | House |
| 27:25 | Build | Castle |
| 28:56 | Queue | Villager (Male) |
| 28:56 | Queue | Villager (Male) |
| 28:56 | Queue | Villager (Male) |
| 28:56 | Queue | Villager (Male) |
| 28:56 | Queue | Villager (Male) |
| 28:56 | Queue | Villager (Male) |
| 28:56 | Queue | Villager (Male) |
| 28:56 | Queue | Villager (Male) |
| 28:56 | Queue | Villager (Male) |
| 28:57 | Queue | Villager (Male) |
Match timeline
| 6:14 | IkerJura23783 · wall_segment Palisade Wall x1 |
| 6:17 | IkerJura23783 · wall_segment Palisade Wall x1 |
| 6:17 | IkerJura23783 · wall_segment Palisade Wall x1 |
| 6:21 | IkerJura23783 · wall_segment Palisade Wall x14 |
| 6:53 | IkerJura23783 · wall_segment Palisade Wall x1 |
| 7:23 | shwajackson · first_building Barracks |
| 8:25 | IkerJura23783 · first_building Barracks |
| 8:33 | IkerJura23783 · wall_segment Palisade Wall x3 |
| 8:34 | IkerJura23783 · wall_segment Palisade Wall x1 |
| 8:34 | IkerJura23783 · wall_segment Palisade Wall x1 |
| 11:14 | IkerJura23783 · wall_segment Palisade Wall x3 |
| 11:18 | IkerJura23783 · wall_segment Palisade Wall x1 |
| 11:46 | IkerJura23783 · wall_segment Palisade Wall x1 |
| 12:28 | shwajackson · wall_segment Palisade Wall x9 |
| 13:37 | shwajackson · wall_segment Palisade Wall x9 |
| 13:40 | shwajackson · wall_segment Palisade Wall x15 |
| 14:29 | shwajackson · wall_segment Palisade Wall x11 |
| 16:26 | shwajackson · wall_segment Palisade Wall x11 |
| 16:29 | shwajackson · wall_segment Palisade Wall x7 |
| 17:43 | IkerJura23783 · wall_segment Palisade Wall x1 |
| 18:56 | IkerJura23783 · wall_segment Palisade Wall x4 |
| 19:39 | IkerJura23783 · wall_segment Palisade Wall x1 |
| 19:40 | IkerJura23783 · wall_segment Palisade Wall x1 |
| 19:40 | IkerJura23783 · wall_segment Palisade Wall x1 |
| 19:42 | IkerJura23783 · wall_segment Palisade Wall x1 |
| 20:13 | IkerJura23783 · wall_segment Palisade Wall x4 |
| 20:34 | IkerJura23783 · wall_segment Palisade Wall x5 |
| 22:47 | shwajackson · first_building Siege Workshop |
| 23:01 | shwajackson · first_market_buy 100 wood |
| 24:14 | IkerJura23783 · first_building Stable |
| 25:42 | IkerJura23783 · wall_segment Palisade Wall x1 |
| 25:43 | IkerJura23783 · wall_segment Palisade Wall x1 |
| 25:44 | IkerJura23783 · wall_segment Palisade Wall x2 |
| 25:52 | IkerJura23783 · wall_segment Palisade Wall x5 |
| 26:22 | IkerJura23783 · wall_segment Palisade Wall x1 |
| 27:25 | IkerJura23783 · first_building Castle |
| 29:44 | IkerJura23783 · resign |
[ AI ANALYSIS · 1 CREDIT ]
What really happened in this match?
Wolo.gg analyzes every decision: build order, eco, micro, common mistakes by bracket. Personalized analysis on WhatsApp or Discord in 30 seconds.
Civ guide
Romans
Perfil
Jugador #19728460